AoeStats
← Reis

Arena

505901040Analyzed
4v4 RM · 22d ago on Sep 11, 2026· 49m 0s· 8 players
Game mode
Random Map
Map size
Large (8 player)
Population
200
Speed
Normal
Resources
Standard
Victory
Conquest
Starting age
Dark Age
Ending age
Imperial Age
RankedLock teamsTeams togetherTeam positionsShared explorationLock speedFull tech treeHidden civsTurbo modeCheats
Victory
Defeat
🇨🇳 Berbers · China
1487
+11
🇳🇿 Persians · New Zealand
1380
+15
🇧🇷 Mongols · Brazil
1289
+19
🇧🇷 Malians · Brazil
1249
+19
🇨🇭 Bulgarians · Switzerland
1415
-19
🇷🇴 Franks · Romania
1361
-16
🇵🇪 Persians · Peru
1345
-16
🇪🇸 Bengalis · Spain
1286
-13
sjhgdtbr
10:56 Feudal Age
14:39 Castle Age
13:16 Double-Bit Axe
16:05 Bow Saw
20:14 Wheelbarrow
21:55 Town Watch
21:56 Loom
26:33 Imperial Age
24:13 Stone Mining
24:15 Gold Mining
25:59 Ballistics
25:46 Scale Barding Armor
25:42 Scale Mail Armor
25:53 Forging
25:59 Husbandry
26:43 Chain Barding Armor
27:07 Gold Shaft Mining
26:38 Cavalier
28:26 Chemistry
28:38 Paladin
30:21 Plate Barding Armor
31:39 Conscription
31:41 #83
31:44 Scale Mail Armor
31:45 Squires
31:31 Arson
31:23 Paladin
32:49 #83
31:54 Elite Throwing Axeman
34:10 Conscription
34:07 Chain Mail Armor
35:27 Iron Casting
36:26 Plate Mail Armor
36:56 Blast Furnace
36:52 Fletching
37:09 Siege Engineers
37:14 Masonry
37:06 Light Cavalry
38:09 Bodkin Arrow
39:27 Fortified Wall
keredrom
11:38 Feudal Age
13:15 Loom
15:48 Castle Age
14:06 Double-Bit Axe
14:29 Horse Collar
14:46 Gold Mining
17:05 Bow Saw
20:30 Fletching
23:13 Heavy Plow
25:25 Wheelbarrow
25:56 Sanctity
31:36 Imperial Age
30:09 Bodkin Arrow
30:15 Padded Archer Armor
31:14 Hand Cart
31:28 Paiks
31:38 Husbandry
33:00 Bracer
34:09 Gold Shaft Mining
34:44 Two-Man Saw
33:40 Town Watch
33:31 Elite Elephant Archer
34:48 Leather Archer Armor
35:50 Ring Archer Armor
35:42 Ballistics
36:22 Chemistry
Reis
0:26 Loom
9:57 Feudal Age
14:32 Castle Age
13:00 Loom
21:57 Fletching
23:37 Bodkin Arrow
Peru_o_O
10:09 Feudal Age
11:20 Loom
14:55 Castle Age
12:43 Double-Bit Axe
13:14 Horse Collar
17:36 Bow Saw
27:26 Wheelbarrow
29:14 Gold Mining
32:05 Imperial Age
29:52 Scale Barding Armor
30:37 Chain Barding Armor
30:59 Bloodlines
30:50 Husbandry
31:19 Fletching
30:56 Crossbowman
31:41 Thumb Ring
32:27 Kamandaran
33:34 Bodkin Arrow
35:20 Padded Archer Armor
35:39 Hand Cart
flinT
9:44 Feudal Age
14:13 Castle Age
12:33 Horse Collar
13:40 Double-Bit Axe
16:14 Bow Saw
22:20 Fervor
23:16 Loom
24:07 Wheelbarrow
23:43 Gold Mining
25:22 Stone Mining
30:02 Imperial Age
27:54 Fletching
28:19 Scale Mail Armor
28:30 Forging
29:46 Chain Mail Armor
29:27 Pikeman
30:39 Capped Ram
31:57 Plate Mail Armor
32:02 Iron Casting
32:33 Bodkin Arrow
34:03 Gold Shaft Mining
33:15 Elite Mangudai
34:16 Conscription
34:26 Padded Archer Armor
35:26 Blast Furnace
37:58 Bracer
38:49 Leather Archer Armor
38:32 Town Watch
39:03 Hand Cart
40:54 Heavy Plow
41:23 Ballistics
42:04 Chemistry
42:39 Thumb Ring
42:46 Bloodlines
42:37 Husbandry
43:03 Parthian Tactics
42:35 Siege Ram
45:56 Drill
47:25 Stone Shaft Mining
rafoBR
10:42 Feudal Age
15:04 Castle Age
13:21 Double-Bit Axe
14:32 Horse Collar
16:45 Loom
22:15 Forging
27:32 Imperial Age
26:09 Scale Mail Armor
27:23 Iron Casting
26:58 Fletching
27:52 Chain Mail Armor
27:40 Gold Mining
28:43 Bodkin Arrow
29:57 Conscription
31:02 Plate Mail Armor
31:22 Conscription
33:15 Wheelbarrow
33:07 Bow Saw
32:38 Pikeman
33:20 Squires
33:11 Elite Gbeto
37:02 Man-at-Arms
38:10 Long Swordsman
38:35 Arson
39:15 Tigui
39:38 Heavy Plow
39:31 Stone Mining
40:17 Gold Shaft Mining
39:29 Two-Handed Swordsman
41:07 Champion
43:19 Hand Cart
JayJayNico
10:10 Feudal Age
13:31 Castle Age
12:09 Double-Bit Axe
17:43 Bow Saw
20:19 Horse Collar
21:56 Wheelbarrow
23:25 Scale Barding Armor
23:58 Heavy Plow
24:52 Chain Barding Armor
25:18 Bloodlines
25:01 Light Cavalry
25:57 Husbandry
27:01 Forging
26:51 Gold Mining
27:54 Loom
30:58 Imperial Age
29:38 Iron Casting
29:15 Loom
29:46 Hand Cart
30:39 Heavy Camel Rider
30:40 Cavalier
32:51 Plate Barding Armor
33:17 Blast Furnace
33:15 Gold Shaft Mining
32:51 Town Watch
34:12 Savar
37:23 Conscription
37:47 Caravan
38:00 Guilds
39:53 Two-Man Saw
39:26 Crop Rotation
49:01 Spies/Treason
网恋被骗50块
8:12 Loom
8:17 Loom
10:58 Feudal Age
12:53 Double-Bit Axe
15:17 Castle Age
14:11 Stone Mining
17:36 Bow Saw
17:34 Horse Collar
25:30 Town Watch
28:03 Heavy Plow
29:27 Fletching
36:51 Treadmill Crane
37:15 Bodkin Arrow
37:58 Padded Archer Armor
39:48 Wheelbarrow
39:44 Kasbah
40:56 Gold Mining
45:15 Hand Cart
Connection lost

Rejoining the realm…

Still unreachable

The connection could not be restored.

Session expired

The server has moved on; the page needs a fresh start.